 Dungeon Crawl Stone Soup version 0.26.0-45-g9c1d065592 (webtiles) character file.

Game seed: 11956459804032806883

32 trckry the Vandal (level 3, -1/30 HPs)
             Began as a Ghoul Hunter on Jan 29, 2021.
             Slain by a kobold
             ... wielding a +0 short sword
              (3 damage)
             ... on level 2 of the Dungeon.
             The game lasted 00:02:06 (742 turns).

trckry the Vandal (Ghoul Hunter)                     Turns: 742, Time: 00:02:07

Health: -1/30      AC:  7    Str: 16    XL:     3   Next: 25%
Magic:  2/2        EV: 10    Int:  6    God:
Gold:   54         SH:  0    Dex:  9    Spells: 2/2 levels left

rFire    . . .     SeeInvis .   b - +0 short sword
rCold    + . .     Faith    .   (no shield)
rNeg     + + +     Spirit   .   g - +0 scale mail
rPois    ∞         Reflect  .   (no helmet)
rElec    .         Harm     .   (no cloak)
rCorr    .         Rampage  .   n - +0 pair of gloves
Will     .....                  (no boots)
Stlth    ..........             (no amulet)
HPRegen  0.00/turn              (no ring)
MPRegen  0.08/turn              (no ring)

@: flying
A: claws 1, cold resistance 1, negative energy resistance 3, inhibited
regeneration, torment resistance, unbreathing
a: no special abilities


You were on level 2 of the Dungeon.
You visited 1 branch of the dungeon, and saw 2 of its levels.

You collected 54 gold pieces.

Inventory:

Hand Weapons
 a - a +1 hunting sling
 b - a +0 short sword (weapon)
Missiles
 d - 20 sling bullets
 h - 63 stones (quivered)
Armour
 g - a +0 scale mail (worn)
 n - a +0 pair of gloves (worn)
Scrolls
 c - 4 scrolls of identify {unknown}
 e - 2 scrolls of enchant weapon {unknown}
 i - a scroll of remove curse {unknown}
 l - a scroll of teleportation {unknown}
 m - a scroll of enchant armour {unknown}
Potions
 j - a potion of heal wounds {unknown}
 k - a potion of invisibility {unknown}


   Skills:
 + Level 2.4 Fighting
 * Level 0.8 Maces & Flails
 * Level 3.8 Slings
 + Level 0.4 Armour
 + Level 2.0 Dodging
 - Level 1.1 Stealth
 + Level 0.5 Shields
 + Level 0.5 Invocations
 + Level 0.4 Evocations


You had 2 spell levels left.
You didn't know any spells.
Your spell library was empty.

Dungeon Overview and Level Annotations

Branches:
Dungeon (2/15)

Altars:


Innate Abilities, Weirdness & Mutations

You thrive by killing the living.
You are immune to poison.
You have sharp fingernails.
Your flesh is cold resistant. (rC+)
You are immune to negative energy. (rN+++)
You do not regenerate when monsters are visible.
You are immune to unholy pain and torment.
You can survive without breathing.


Message History

The quokka is severely wounded.
The quokka bites you.
* * * LOW HITPOINT WARNING * * *
You hit the quokka.
The quokka is almost dead.
The quokka bites you.
* * * LOW HITPOINT WARNING * * *
You hit the quokka.
You kill the quokka!
You barely miss the kobold.
The kobold is severely wounded.
The kobold completely misses you.
You closely miss the kobold.
The kobold is severely wounded.
The kobold hits you but does no damage.
It was a potion of flight.
You feel very buoyant.
You fly up into the air.
The kobold hits you with a +0 short sword.
You die...

### ..#.. >.. #.#.#
#.. #######.#.####.#
.............#.#
#........#.##.#
.....#...#.##@#
..###.....#.##K# .
.......)..#.##w# ...
###.#.#.w.#.##b#.$...
w......<..l..)l.b.....
....#..$...###.#.#....
.............#....$ ..
....#..........#....
.#..#........#.#......


You could see a dart slug, a leopard gecko, a bat and a kobold.

Vanquished Creatures
  An ooze (D:2)
  A leopard gecko (D:1)
  3 ball pythons (D:1)
  A giant cockroach (D:1)
  2 hobgoblins (D:1)
  2 jackals (D:1)
  5 kobolds (D:1)
  A quokka (D:2)
  2 bats (D:1)
  A frilled lizard (D:1)
  3 goblins
  5 rats (D:1)
27 creatures vanquished.

Notes
Turn   | Place    | Note
-------+----------+-------------------------------------------
     0 | D:1      | trckry the Ghoul Hunter began the quest for the Orb.
     0 | D:1      | Reached XP level 1. HP: 17/17 MP: 0/0
   130 | D:1      | Reached XP level 2. HP: 20/24 MP: 1/1
   592 | D:1      | Reached XP level 3. HP: 26/30 MP: 2/2
   738 | D:2      | HP: 2/30 [quokka (4)]
   742 | D:2      | Slain by a kobold

Illustrated notes

Levels and vault maps discovered:
D:1:      doesnt_arrival_eight_statues, layout_basic, grunt_decor_cap,
          minmay_nonomino_d4
D:2:      minmay_alternating_diamond, layout_basic,
          nicolae_qazlal_style_of_elements, uniq_jessica

Skill      XL: |  1  2 |
---------------+-------+-----
Dodging        | 2 |  2.0
Fighting       | |  2.4
Maces & Flails | |  0.8
Slings         | |  3.8
Armour         | |  0.4
Stealth        | |  1.1
Shields        | |  0.5
Invocations    | |  0.5
Evocations     | |  0.4

Action                   || total
-------------------------++-------
Melee: Short sword       ||   103
 Fire: Hunting sling     ||     1
  Use: Potion            ||     1
Armor: Scale mail        ||    75
       Leather armour    ||     2
Dodge: Dodged            ||    73
